[Event "ICC tourney 2514 (60 10)"]
[Site "Internet Chess Club"]
[Date "2021.04.18"]
[Round "6"]
[White "HERNANDEZ, DAMION:SAEpicDH"]
[Black "PRASAD, AMIT:CobaltGame"]
[Result "1-0"]
[ICCResult "Black checkmated"]
[WhiteElo "1270"]
[BlackElo "1358"]
[Opening "Queen's gambit declined"]
[ECO "D30"]
[NIC "QP.08"]
[Time "16:32:28"]
[PlyCount "133"]
[TimeControl "3600+10"]

1. d4 d5 2. c4 e6 3. Nf3 Nc6 4. e3 Nf6 5. Be2 Be7 6. Nc3 O-O 7. O-O b6 8.
b3 Bb7 9. Bb2 Re8 10. Qc2 Nb4 11. Qb1 dxc4 12. bxc4 Bd6 13. a3 Na6 14. e4
Ng4 15. h3 Nh6 16. Rd1 Qc8 17. Ng5 Qd8 18. Nxh7 g6 19. e5 Be7 20. Nf6+ Bxf6
21. exf6 Qxf6 22. d5 Qe7 23. Bf3 Qc5 24. Qd3 Rad8 25. Qf1 exd5 26. Nxd5
Bxd5 27. cxd5 Nb8 28. Rac1 Qd6 29. Qc4 Re7 30. Qh4 Kh7 31. Bf6 g5 32. Qxg5
Rg8 33. Bxe7 Rxg5 34. Bxd6 cxd6 35. Be4+ f5 36. Rc7+ Kg6 37. Bf3 Na6 38.
Rxa7 Nc5 39. h4 Rh5 40. Bxh5+ Kxh5 41. g3 Kg4 42. Rg7+ Kf3 43. Rg6 Ng4 44.
Rf1 Nb3 45. h5 Nd2 46. Rxg4 fxg4 47. h6 Nxf1 48. Kxf1 b5 49. h7 b4 50. axb4
Ke4 51. h8=Q Kf3 52. Qf6+ Ke4 53. Qf4+ Kxd5 54. Qxg4 Kc6 55. Qc4+ Kb7 56.
b5 d5 57. Qc6+ Kb8 58. g4 d4 59. g5 d3 60. Qd6+ Kb7 61. g6 d2 62. Qxd2 Kb6
63. g7 Kxb5 64. g8=Q Kb6 65. Qc4 Kb7 66. Qdb4+ Ka7 67. Qa2# { Black
checkmated } 1-0

[Event "ICC tourney 2514 (60 10)"]
[Site "Internet Chess Club"]
[Date "2021.04.18"]
[Round "6"]
[White "PODDUTURI, AASHRITH:chessprogidy"]
[Black "NETI, ADARSH:PearPower"]
[Result "1-0"]
[ICCResult "Black resigns"]
[WhiteElo "1378"]
[BlackElo "1290"]
[Opening "Queen's pawn: London system"]
[ECO "A45"]
[NIC "QP.07"]
[Time "16:32:26"]
[PlyCount "127"]
[TimeControl "3600+10"]

1. d4 Nf6 2. Bf4 d6 3. Nf3 g6 4. e3 Bg7 5. Be2 O-O 6. h3 Nbd7 7. O-O b6 8.
c3 Bb7 9. Nbd2 Rc8 10. Re1 c5 11. a4 Re8 12. Bb5 a6 13. Bc4 cxd4 14. exd4
Bxf3 15. Qxf3 e5 16. dxe5 Nxe5 17. Bxe5 dxe5 18. Rad1 Ra8 19. Ne4 Qe7 20.
Qe2 Nxe4 21. Qxe4 a5 22. Rd3 Kh8 23. Bb5 Red8 24. Red1 Rab8 25. Qc4 Rxd3
26. Rxd3 f5 27. Re3 Bh6 28. Rd3 Rd8 29. Rxd8+ Qxd8 30. Qe6 Bg7 31. Qe8+
Qxe8 32. Bxe8 Kg8 33. Kf1 Kf8 34. Bb5 Ke7 35. Ke2 e4 36. g3 Kd6 37. Kd2 Kc5
38. Ke3 Kd5 39. Kd2 Bh6+ 40. Kc2 Ke5 41. Kb3 e3 42. fxe3 Bxe3 43. Bc6 f4
44. g4 h5 45. gxh5 gxh5 46. h4 Kf5 47. Bf3 Kg6 48. Be4+ Kh6 49. Kc4 Bf2 50.
Kb5 f3 51. Bxf3 Bxh4 52. Kxb6 Bd8+ 53. Kb5 h4 54. c4 Kg5 55. c5 h3 56. b4
Kf4 57. Bc6 axb4 58. Kxb4 Ke5 59. Kb5 Bc7 60. a5 Bxa5 61. Kxa5 Ke6 62. Kb6
h2 63. Bh1 Kd7 64. Kb7 { Black resigns } 1-0

[Event "ICC tourney 2514 (60 10)"]
[Site "Internet Chess Club"]
[Date "2021.04.18"]
[Round "6"]
[White "BENCOSME-LEE, GABE:SAHY-Gabe"]
[Black "AYYAPPAN, ANUSHKA:Anushkaa"]
[Result "1-0"]
[ICCResult "Black forfeits on time"]
[WhiteElo "1394"]
[BlackElo "1303"]
[Opening "English opening"]
[ECO "A16"]
[NIC "EO.64"]
[Time "16:32:22"]
[PlyCount "133"]
[TimeControl "3600+10"]

1. c4 Nf6 2. Nc3 g6 3. g3 Bg7 4. Bg2 d6 5. e3 O-O 6. Nge2 e5 7. O-O c6 8.
d4 e4 9. Nxe4 Nxe4 10. Bxe4 Bh3 11. Bg2 Be6 12. d5 cxd5 13. cxd5 Bd7 14.
Bd2 Bxb2 15. Rb1 Bg7 16. Rxb7 Bc8 17. Rb1 Na6 18. Bc3 f6 19. Nd4 Re8 20.
Nc6 Qd7 21. Re1 Nc5 22. Bd4 Ne4 23. Ba1 Qf5 24. Re2 Ba6 25. Rc2 Nc5 26. Nd4
Qd7 27. Ne6 Bd3 28. Nxc5 Bxc2 29. Qxc2 dxc5 30. d6 Rab8 31. Rd1 Rec8 32. h4
Rb6 33. Kh2 f5 34. Bh3 Bxa1 35. Rxa1 Qxd6 36. Rd1 Qe7 37. Bf1 Rd6 38. Bc4+
Kf8 39. Qc3 Rf6 40. a3 Rd8 41. Rb1 Kg7 42. Bb5 Kf8 43. Be2 Qg7 44. Bf3 Rf7
45. Qxc5+ Re7 46. Rb7 Qf6 47. Bd5 Re8 48. Bc4 Kg7 49. Rb4 Qe5 50. Qc6 Qc7
51. Qd5 Qd7 52. Qa5 Qd2 53. Kg2 Qd8 54. Qa4 Qa8+ 55. Kh2 Qf3 56. Qc2 Qe4
57. Qb2+ Qe5 58. Qc2 Qe4 59. Qa2 Qe5 60. Rb5 Qf6 61. Qb3 Qd6 62. Qc3+ Qf6
63. Qb3 Qd6 64. Rd5 Qf6 65. Qd3 Qb6 66. Qd2 Qb8 67. Qd4+ { Black forfeits
on time } 1-0